 Dungeon Crawl Stone Soup version 0.27-a0-1202-ge72e49191c (webtiles) character file.

Game seed: 6689925525076061359

79 mordus the Magician (level 4, -1/33 HPs)
             Began as a Djinni Earth Elementalist on June 2, 2021.
             Was an Initiate of Ashenzari.
             Slain by Crazy Yiuf
             ... wielding a +3 quarterstaff of chaos
              (10 damage)
             ... on level 2 of the Dungeon.
             The game lasted 00:11:33 (2427 turns).

mordus the Magician (Djinni Earth Elementalist)     Turns: 2427, Time: 00:11:34

Health: -1/33      AC:  2    Str:  7    XL:     4   Next: 62%
Gold:   65         EV: 12    Int: 18    God:    Ashenzari [......] SH:  0 Dex: 13

rFire    + + .     SeeInvis .   f - +1 dagger (venom)
rCold    x . .     Faith    .   (no shield)
rNeg     . . .     Spirit   .   c - +0 robe "Failure of Ashenzari" {Cun, Self} (curse)
rPois    ∞         Reflect  .   (no helmet)
rElec    .         Harm     .   (no cloak)
rCorr    .         Rampage  .   (no gloves)
Will     .....                  (boots unavailable)
Stlth    ++........             (no amulet)
HPRegen  0.11/turn              (no ring)
MPRegen  0.00/turn              (no ring)

@: flying
A: sickness immunity, fire resistance 2, cold vulnerability 1, float, innate
caster, hp casting, extra vitality 1
a: Renounce Religion, Curse Item, Shatter the Chains


You were on level 2 of the Dungeon.
You worshipped Ashenzari.
Ashenzari was noncommittal.
You visited 1 branch of the dungeon, and saw 2 of its levels.

You collected 65 gold pieces.

Inventory:

Hand Weapons
 d - a +0 dagger
 f - a +1 dagger of venom (weapon)
Armour
 c - the cursed +0 robe "Failure of Ashenzari" (worn) {Cun, Self}

   It has a curse which improves the following skills: Cunning: Dodging and
   Stealth.
   Introspection: Fighting and Spellcasting.
Scrolls
 a - a scroll of vulnerability
 e - a scroll of teleportation
Potions
 g - a potion of magic
 h - a potion of heal wounds
 i - a potion of ambrosia


   Skills:
 + Level 1.6(2.0) Fighting
 - Level 2.3(2.8) Dodging
 - Level 1.7(2.1) Stealth
 * Level 3.5(4.0) Spellcasting


You couldn't memorise any spells.
You knew the following spells:

 Your Spells              Type           Power      Damage    Failure   Level
a - Sandblast             Erth           36%        2d10      2%          1
b - Passwall              Tmut/Erth      15%        N/A       4%          2
c - Stone Arrow           Conj/Erth      36%        3d9       9%          3
d - Petrify               Tmut/Erth      18%        N/A       28%         4
e - Lee's Rapid Deconstr  Erth           9%         3d8*      61%         5
f - Pain                  Necr           72%        1d7       2%          1
Your spell library was empty.

Dungeon Overview and Level Annotations

Branches:
Dungeon (2/15)

Altars:
Ashenzari

Shops:
D:1 *

Annotations:
D:2 Crazy Yiuf


Innate Abilities, Weirdness & Mutations

You are immune to sickness and miasma.
You are immune to poison.
Your flesh is very heat resistant. (rF++)
You are vulnerable to cold. (rC-)
You float through the air rather than walking.
You learn spells naturally, not from books.
Your magical power is your life essence.
You have superior vitality. (+4 HP)


Message History

Crazy Yiuf is lightly wounded.
Crazy Yiuf barely misses you.
Casting: Stone Arrow (quite dangerous; 9% risk of failure)
Confirm with . or Enter, or press ? or * to list all spells.
The spell is quite dangerous to cast (9% risk of failure)!
Continue anyway?
Okay, then.
Casting: Stone Arrow (quite dangerous; 9% risk of failure)
Confirm with . or Enter, or press ? or * to list all spells.
The spell is quite dangerous to cast (9% risk of failure)!
Continue anyway?
Aiming: Stone Arrow (quite dangerous; 9% risk of failure)
Press: ? - help, Shift-Dir - straight line, f - Crazy Yiuf
Aim: Crazy Yiuf, wielding a +3 quarterstaff of chaos, wearing a +0 cloak and carrying a wand of digging (5) (lightly wounded, 72% to hit)
The stone arrow misses Crazy Yiuf.
Crazy Yiuf whimpers, "Island!
Defame toodlewoodle light."
Crazy Yiuf barely misses you.
You hit Crazy Yiuf but do no damage.
Crazy Yiuf is poisoned.
Crazy Yiuf is lightly wounded.
Crazy Yiuf hits you with a +3 quarterstaff of chaos!
Crazy Yiuf freezes you!
You hit Crazy Yiuf but do no damage.
Crazy Yiuf is lightly wounded.
Crazy Yiuf drinks a potion.
Crazy Yiuf is healed!
Crazy Yiuf looks more healthy.
There is an open translucent door here.
Casting: Stone Arrow (quite dangerous; 9% risk of failure)
Confirm with . or Enter, or press ? or * to list all spells.
The spell is quite dangerous to cast (9% risk of failure)!
Continue anyway?
Okay, then.
You hit Crazy Yiuf but do no damage.
Crazy Yiuf is poisoned.
Crazy Yiuf hits you with a +3 quarterstaff of chaos.
* * * LOW HITPOINT WARNING * * *
You resist with some effort.
You hit Crazy Yiuf.
Crazy Yiuf looks as sick as possible!
Crazy Yiuf is moderately wounded.
Crazy Yiuf says, "Snoogle!
Two foot toodlewoodle."
Crazy Yiuf closely misses you.
You hit Crazy Yiuf.
Crazy Yiuf looks as sick as possible!
Crazy Yiuf is moderately wounded.
Crazy Yiuf hits you with a +3 quarterstaff of chaos!
You die...

#.......# #.# ####.####
##.#### #..)# #.....#
#.### ##.##.## #.#
########... #.#
#........## #.###♣♣
##### #######..##
#.....♣♣ ♣♣#..)# #...#
#.... #....♣.♣♣♣♣.@g..#
###.###...#
##......♣..♣#...#
#........
##....♣.♣♣♣#####
#######.... ###♣♣♣♣♣
#.......### ######### #
### ###......# # #.#
#.######.# # ##### #.#
#.# #.####
#...###.###.######....#


You could see Crazy Yiuf (extremely poisoned).

Vanquished Creatures
  2 adders (D:2)
  A worm (D:2)
  6 endoplasms
  2 giant cockroaches (D:2)
  5 goblins
  3 hobgoblins (D:1)
  9 jackals (D:1)
  5 kobolds
  3 quokkas
  3 ball pythons
  5 bats
  5 frilled lizards
  A rat (D:1)
50 creatures vanquished.

Notes
Turn   | Place    | Note
-------+----------+-------------------------------------------
     0 | D:1      | mordus the Djinni Earth Elementalist began the quest for
                  | the Orb.
     0 | D:1      | Reached XP level 1. HP: 15/15 MP: 0/0
   108 | D:1      | Found a faded altar of an unknown god.
   112 | D:1      | Reached XP level 2. HP: 10/21 MP: 0/0
   292 | D:1      | Became a worshipper of Ashenzari the Shackled
   906 | D:1      | Reached XP level 3. HP: 19/26 MP: 0/0
   906 | D:1      | Learned a level 1 spell: Pain
   907 | D:1      | Reached skill level 3 in Spellcasting
  1057 | D:1      | Found Mutaut's General Store.
  1304 | D:1      | Reached skill level 1 in Fighting
  1597 | D:2      | Reached XP level 4. HP: 31/32 MP: 0/0
  2411 | D:2      | Found a runed translucent door.
  2412 | D:2      | Noticed Crazy Yiuf
  2427 | D:2      | Slain by Crazy Yiuf

Illustrated notes

Levels and vault maps discovered:
D:1:      giann_bridges, layout_basic, hellmonk_ecumenical_altar_lost_god,
          serial_shops, nicolae_shop_temple_entry_statues_fountains
D:2:      layout_loops_corners, hangedman_abyss_or_decor_lesser_grid,
          minmay_pentomino_q4, uniq_crazy_yiuf_cottage

Skill      XL: |  1  2  3 |
---------------+----------+-----
Spellcasting   | 3 |  3.5
Fighting       | 1 |  1.6
Dodging        | |  2.3
Stealth        | |  1.7

Action                   |  1- 3 |  4- 6 || total
-------------------------+-------+-------++-------
Melee: Dagger            |     9 |    18 ||    27
 Cast: Sandblast         |    48 |    25 ||    73
       Stone Arrow       |       |     1 ||     1
Invok: Curse Item        |       |     1 ||     1
Armor: Robe              |     3 |     1 ||     4
Dodge: Dodged            |    22 |    21 ||    43

Table legend: (Time is in decaauts)
 A = Elapsed time spent in this place.
 B = Non-inter-level travel time spent in this place.
 C = Inter-level travel time spent in this place.
 D = Time resting spent in this place.
 E = Time spent auto-exploring this place.
 F = Levels seen in this place.
 G = Mean time per level.
                   A        B        C        D        E       F      G
               +--------+--------+--------+--------+--------+-----+--------+
         Total |   2426 |   2408 |     18 |    212 |   1870 |   2 | 1213.0 |
       Dungeon |   2426 |   2408 |     18 |    212 |   1870 |   2 | 1213.0 |
               +--------+--------+--------+--------+--------+-----+--------+

Top non-repeatable levels by time:
     D:1: 1476 daAuts
     D:2: 949 daAuts
